 Dungeon Crawl Stone Soup version 0.17.0-28-g6e173f8 (webtiles) character file.

1232 R18 the Cleaver (level 8, 0/58 HPs)
             Began as a Formicid Fighter on Nov 29, 2015.
             Was an Initiate of Gozag.
             Slain by a gargoyle
             ... wielding a +0 mace
              (17 damage)
             ... on level 6 of the Dungeon.
             The game lasted 00:13:15 (4694 turns).

R18 the Cleaver (Formicid Fighter)                  Turns: 4694, Time: 00:13:15

Health: 0/58       AC:  6    Str: 21    XL:     8   Next: 77%
Magic:  8/8        EV:  9    Int:  9    God:    Gozag
Gold:   454        SH: 11    Dex: 15    Spells: 0 memorised, 7 levels left

rFire  + . .     SeeInvis +     a - +1 war axe
rCold  . . .     Clarity  .     b - +0 scale mail
rNeg   . . .     SustAt   +     c - +0 shield
rPois  .         Gourm    .     (helmet unavailable)
rElec  +         Spirit   .     (no cloak)
rCorr  .         Warding  .     (no gloves)
rMut   .         Stasis   +     (no boots)
MR     .....                    (no amulet)
Stlth  ..........               r - ring of protection from fire
                                v - ring of Lugonu's Regard {SustAt rElec Dex+4}

@: not resistant to hostile enchantments, extremely unstealthy
A: permanent stasis, dig shafts and tunnels, four strong arms, antennae 3
a: Dig, Shaft Self, Potion Petition, Call Merchant, Bribe Branch, Renounce
Religion


You were on level 6 of the Dungeon.
You worshipped Gozag.
Gozag was noncommittal.
You were hungry.

You visited 2 branches of the dungeon, and saw 7 of its levels.
You also visited: Sewer.

You collected 500 gold pieces.
You paid 46 gold pieces to Gozag.

Inventory:

Hand Weapons
 a - a +1 war axe (weapon)
 d - a cursed -1 broad axe
 q - a +1 scythe of venom
Missiles
 k - 2 steel tomahawks (quivered)
Armour
 b - a +0 scale mail (worn)
 c - a +0 shield (worn)
 p - a +0 plate armour
Jewellery
 j - an uncursed ring of stealth
 r - a ring of protection from fire (right hand)
 v - the ring of Lugonu's Regard (left hand) {SustAt rElec Dex+4}
   (You found it on level 5 of the Dungeon)

   [ring of sustain attributes]

   It sustains your strength, intelligence and dexterity.
   It affects your dexterity (+4).
   It insulates you from electricity.
Scrolls
 f - 3 scrolls of remove curse
 u - a scroll of random uselessness {unknown}
 w - a scroll of enchant weapon
 y - 2 scrolls of identify
Potions
 h - a potion of degeneration
 i - 2 potions of agility
 l - a potion of lignification {unknown}
 m - 3 potions of curing
 n - a potion of flight
 o - a potion of berserk rage {unknown}
 s - a potion of cure mutation {unknown}
 t - a potion of invisibility {unknown}
Miscellaneous
 g - a sack of spiders
Comestibles
 e - 6 bread rations
 x - a royal jelly


   Skills:
 - Level 3.2 Fighting
 * Level 8.2 Axes
 - Level 3.2 Armour
 + Level 7.9 Shields


You had 7 spell levels left.
You didn't know any spells.

Dungeon Overview and Level Annotations

Branches:
Dungeon (6/15)             Temple (1/1) D:4

Altars:
Elyvilon
Fedhas
Gozag
Kikubaaqudgha
Nemelex Xobeh
Okawaru
Qazlal
Ru
Sif Muna
Trog
Xom
Yredelemnul
Zin
The Shining One


Innate Abilities, Weirdness & Mutations

You are under a permanent stasis effect.
You can dig through walls and to a lower floor.
Your four strong arms can wield two-handed weapons with a shield.
You have a pair of large antennae on your head (SInv).


Message History

You hit the gargoyle but do no damage.
The gargoyle is severely damaged.
You barely miss the gargoyle.
The gargoyle is severely damaged.
The gargoyle hits you with a mace!
* * * LOW HITPOINT WARNING * * *
You are too injured to fight recklessly!
You hit the gargoyle but do no damage.
The gargoyle is severely damaged.
You block the gargoyle's attack.
Unknown command.
Your scale mail prevents you from hitting the gargoyle.
The gargoyle is severely damaged.
The gargoyle hurls a stone arrow at you.
The stone arrow misses you.
You hit the gargoyle but do no damage.
The gargoyle is severely damaged.
The gargoyle hits you with a mace!
You die...
Your body crumbles into a pile of gold.

### ####.# #####
.....###...#
.##......#.########
.........#..#.#.#%##
##.......#.###.#@9.#
.........#..#)####.#
##.......#.###.#{ #
.........#..#.##$
##.......#.#.##
#.#######.### #.#
#.. #.# ##. #.# #


You could see a gargoyle.

Vanquished Creatures
  The ghost of Clownie the Blocker, an amateur FoFi (D:4)
  Sigmund (D:2)
  An ice beast (D:5)
  Purgy (Sewer)
  A phantom (D:4)
  A centaur (D:6)
  A hound (D:5)
  4 orc wizards
  2 orc priests (D:3)
  2 centaur zombies
  An iguana (D:3)
  14 adders
  A shadow imp (D:5)
  2 oozes
  An adder zombie (D:5)
  An adder skeleton (D:4)
  A giant gecko (D:3)
  14 orcs
  7 giant cockroaches
  11 hobgoblins
  2 jackals (D:5)
  A quokka (D:5)
  3 ball pythons
  8 bats
  7 giant newts
  5 goblins
  A jackal zombie (D:6)
  5 kobolds
  A quokka zombie (D:6)
  8 rats
  3 fungi (D:3)
112 creatures vanquished.

Notes
Turn   | Place    | Note
--------------------------------------------------------------
     0 | D:1      | R18 the Formicid Fighter began the quest for the Orb.
     0 | D:1      | Reached XP level 1. HP: 18/18 MP: 1/1
    95 | D:1      | Reached XP level 2. HP: 22/24 MP: 2/2
   114 | D:1      | Reached skill level 4 in Shields
   357 | D:1      | Reached XP level 3. HP: 29/29 MP: 3/3
  1014 | D:2      | Reached XP level 4. HP: 31/35 MP: 4/4
  1050 | D:2      | Noticed Sigmund
  1066 | D:2      | Killed Sigmund
  1066 | D:2      | Reached skill level 5 in Shields
  1066 | D:2      | Reached XP level 5. HP: 32/41 MP: 5/5
  1066 | D:2      | Reached XP level 6. HP: 36/47 MP: 6/6
  1305 | D:3      | Reached skill level 5 in Axes
  1538 | D:3      | Found a stormy altar of Qazlal.
  1551 | D:3      | Found a blossoming altar of Fedhas.
  1801 | D:3      | Found a white marble altar of Elyvilon.
  1877 | D:3      | Reached skill level 6 in Shields
  1917 | D:3      | Reached XP level 7. HP: 17/52 MP: 7/7
  2280 | D:4      | Found a staircase to the Ecumenical Temple.
  2322 | Temple   | Entered the Ecumenical Temple
  2725 | Temple   | Became a worshipper of Gozag Ym Sagoz the Greedy
  2760 | D:4      | Noticed Clownie's ghost (amateur FoFi)
  2776 | D:4      | Killed Clownie's ghost
  2776 | D:4      | Reached XP level 8. HP: 29/58 MP: 8/8
  2893 | D:4      | Found an iron altar of Okawaru.
  2976 | D:4      | Reached skill level 7 in Shields
  3186 | D:4      | Found a sacrificial altar of Ru.
  3327 | D:5      | Entered Level 5 of the Dungeon
  3522 | D:5      | Found a glowing drain.
  3587 | Sewer    | Entered a sewer
  3820 | Sewer    | Noticed Purgy
  3837 | Sewer    | Killed Purgy
  3967 | D:5      | Got a slimy platinum ring
  3975 | D:5      | Identified the ring of Lugonu's Regard {SustAt rElec Dex+4} (You found it on level 5 of the Dungeon)
  4161 | D:5      | Reached skill level 8 in Axes
  4415 | D:6      | Found a bloodstained altar of Trog.
  4676 | D:6      | Noticed a gargoyle
  4694 | D:6      | Slain by a gargoyle

Action                   |  1- 3 |  4- 6 |  7- 9 || total
-------------------------+-------+-------+-------++-------
Melee: War axe           |    87 |   134 |   200 ||   421
  Use: Potion            |       |     5 |     2 ||     7
       Scroll            |       |     6 |     3 ||     9
 Stab: Distracted        |       |       |     1 ||     1
  Eat: Chunk             |       |     3 |     2 ||     5
       Royal jelly       |       |       |     2 ||     2
       Pizza             |       |       |     2 ||     2
